Map: Eternal Empire LE

Players

MaxPax - Winner!

  • Race: Protoss Protoss
  • League: Master
  • Spawn Location: 7:00

PtitDrogo

  • Race: Protoss Protoss
  • League: Grandmaster
  • Spawn Location: 1:00

Event: DreamHack SC2 Masters 2020 Fall

VOD

Have the link to the VOD?

Description

Time

  • Played on: Sept. 4, 2020, 2:26 p.m.
  • Length: 6:16

All games in this series

Show
View Real Time Build Order
Export as new Build Order

MaxPax Protoss - Winner!

Build Orders:  

Get SALT Encoding   

  12  0:00  Probe  
  13  0:12  Probe  
  14  0:17  Pylon  
  14  0:24  Probe (Chrono Boost)  
  15  0:36  Probe (Chrono Boost)  
  15  0:37  Gateway  
  16  0:45  Assimilator, Probe (Chrono Boost)  
  17  0:50  Probe  
  17  0:54  Assimilator  
  18  1:03  Probe (Chrono Boost)  
  19  1:07  Gateway  
  19  1:15  Probe (Chrono Boost)  
  20  1:21  Probe (Chrono Boost)  
  20  1:24  Cybernetics Core  
  21  1:29  Probe  
  22  1:33  Pylon  
  22  1:41  Probe  
  23  1:53  Probe  
  24  2:00  Warp Gate (Chrono Boost), Adept x2  
  28  2:09  Pylon  
  28  2:30  Adept x2  
  32  2:37  Probe  
  32  2:49  Probe  
  33  3:00  Adept x2  
  33  3:04  Nexus  
  37  3:08  Pylon  
  37  3:24  Probe  
  37  3:27  Robotics Facility  
  38  3:35  Shield Battery  
  38  3:37  Pylon  
  38  3:46  Shield Battery  
  39  3:48  Probe  
  39  3:56  Sentry x2  
  39  4:00  Probe  
  41  4:12  Pylon  
  41  4:14  Immortal (Chrono Boost)  
  41  4:15  Probe  
  46  4:19  Sentry  
  46  4:20  Sentry  
  51  4:27  Gateway  
  51  4:29  Probe  
  51  4:30  Probe  
  52  4:42  Warp Prism (Chrono Boost)  
  54  4:46  Sentry  
  54  4:47  Sentry  
  58  4:54  Pylon  
  60  5:11  Adept x2  
  60  5:12  Probe x2  
  64  5:24  Probe  
  69  5:32  Pylon  
  69  5:34  Pylon  
  70  5:38  Probe  
  66  5:45  Stalker x2  
  64  6:09  Stalker x3  
Show
View Real Time Build Order
Export as new Build Order

PtitDrogo Protoss 

Build Orders:  

Get SALT Encoding   

  12  0:00  Probe  
  13  0:12  Probe  
  14  0:17  Pylon  
  14  0:24  Probe (Chrono Boost)  
  15  0:36  Probe (Chrono Boost)  
  15  0:38  Gateway  
  16  0:44  Probe (Chrono Boost)  
  16  0:47  Assimilator  
  17  0:51  Probe  
  18  1:00  Gateway  
  18  1:04  Probe (Chrono Boost)  
  18  1:09  Assimilator  
  19  1:14  Probe (Chrono Boost)  
  20  1:19  Probe (Chrono Boost)  
  20  1:25  Cybernetics Core  
  21  1:31  Probe  
  22  1:37  Pylon  
  22  1:44  Probe  
  23  1:56  Probe  
  23  1:59  Warp Gate (Chrono Boost)  
  24  2:01  Stalker x2  
  28  2:12  Pylon  
  28  2:16  Pylon  
  28  2:31  Stalker x2  
  32  2:56  Nexus  
  32  2:59  Probe  
  32  3:04  Sentry  
  37  3:05  Sentry  
  37  3:12  Pylon  
  37  3:15  Probe  
  37  3:27  Probe  
  38  3:34  Shield Battery  
  38  3:41  Stalker x2  
  42  3:43  Probe  
  43  3:53  Twilight Council  
  43  4:01  Probe  
  43  4:09  Probe (Chrono Boost)  
  44  4:12  Forge  
  44  4:13  Probe (Chrono Boost)  
  45  4:21  Probe (Chrono Boost)  
  47  4:24  Probe (Chrono Boost)  
  47  4:26  Blink (Chrono Boost), Probe (Chrono Boost)  
  47  4:30  Probe  
  48  4:35  Probe  
  50  4:42  Probe  
  50  4:43  Stalker  
  53  4:47  Probe  
  54  4:54  Probe  
  54  4:55  Pylon  
  54  4:59  Probe  
  56  5:06  Probe  
  57  5:11  Probe  
  58  5:15  Nexus  
  58  5:18  Assimilator  
  59  5:22  Stalker  
  58  5:30  Shield Battery  
  58  5:31  Shield Battery  
  58  5:33  Sentry  
  60  5:39  Gateway  
  60  5:40  Shield Battery  
  60  5:41  Gateway  
  60  5:46  Stalker  
  49  6:02  Stalker  

Tags
 
Add a new tag
Caveats
  • Supply blocks, unpowered buildings, or Contaminate may cause inaccurate times.
  • Supply counts are checked every 10 seconds.